wizbiz, neutral female human Wizard -------------- +........%....# |............|# ---+----------# ##############*###################----- ### #------------- ##############-...| # #|*.........*| |...| ### #|.*...*.....| |...| # #|...-----.... |<..| ###|...|.{.|...| ----- #...*|{.{.*..| --------- #|...|.{.|...| |......... ....-----...| |. |.....*.....| | |*.......f.@| ------------- wizbiz the Conjurer Experience level: 5 Strength: 13 Dexterity: 11 Constitution: 14 Intelligence: 18 Wisdom: 12 Charisma: 10 Health: 41(41) Energy: 4(36) Def: 4 Gold: 810 Moves: 2481 Dungeon seed: hDOhGswyP9AT-dBu Game ID: wizbiz_1527996958 Your Inventory: Coins $ - 810 gold pieces Weapons a - a blessed +1 quarterstaff (weapon in hands) o - a +0 long sword p - 50 +0 arrows r - 6 +0 darts (in quiver) C - a +0 elven dagger Armor e - an uncursed greased +0 cloak of magic resistance (being worn) y - an uncursed +0 leather armor (being worn) Y - an uncursed +0 orcish helm (being worn) Comestibles w - an uncursed clove of garlic Scrolls i - an uncursed scroll of teleportation j - an uncursed scroll of light k - an uncursed scroll of magic mapping q - an uncursed scroll of create monster t - a blessed scroll of identify Spellbooks l - a blessed spellbook of force bolt m - an uncursed spellbook of cure sickness B - an uncursed spellbook of confuse monster Potions f - an uncursed potion of confusion g - an uncursed potion of levitation h - an uncursed potion of gain level u - an uncursed potion of restore ability Wands b - a wand of create monster (0:12) s - a wand of magic missile (0:3) Tools n - a magic marker (0:92) v - a blessed can of grease (0:17) Gems x - an uncursed worthless piece of orange glass z - an uncursed worthless piece of white glass A - 2 uncursed worthless pieces of black glass N - an uncursed worthless piece of violet glass Spells and supernatural/magical abilities: Name Level Category Fail Memory a - force bolt 1 attack 0% 88% u - confuse monster 2 enchantment 0% 100% K - cure sickness 3 healing 92% 88% W - pray for help -- divine ? -- Your skills at the end: Fighting Skills Weapon Skills quarterstaff [Basic] Spellcasting Skills attack spells [Basic] enchantment spells [Basic] Final Attributes: You were piously aligned. You were magic-protected. You were telepathic. You survived. Vanquished creatures: a gnome lord 3 elf zombies 2 floating eyes a homunculus a kobold shaman 2 rabid rats an iguana 2 acid blobs a gas spore a hobbit 2 manes 2 hobgoblins 4 giant rats 2 brown molds 2 yellow molds a red mold a garter snake 5 geckos 2 jackals 4 foxes 2 kobolds 2 goblins a sewer rat 6 grid bugs 3 lichens a kobold zombie 5 newts 60 creatures vanquished. Voluntary challenges: You were an atheist. You used a wielded weapon 47 times, starting on turn 3. You read items or engraved 2 times, starting on turn 2368. You never genocided any monsters. You never polymorphed an object. You never changed form. You used no wishes. You never split a pudding. You never wrote Elbereth's name. You violated your moral code, losing 14 points of alignment, starting on turn 953. Dungeon overview: The Dungeons of Doom: levels 1 to 6 Level 1 a long staircase Level 2 a fountain stairs to The Gnomish Mines Level 3 some fountains Level 4 a fountain Level 5 a fountain Level 6 <- You were here many fountains The Gnomish Mines: Level 3 stairs to The Dungeons of Doom History has recorded: On T:1 you entered the Dungeons of Doom to retrieve the Amulet of Yendor! On T:88 you reached level 2 of The Dungeons of Doom. On T:261 you advanced to experience level 2. On T:378 you reached level 1 of The Gnomish Mines. On T:796 you reached level 3 of The Dungeons of Doom. On T:825 you reached level 4 of The Dungeons of Doom. On T:953 you advanced to experience level 3. On T:1370 you reached level 5 of The Dungeons of Doom. On T:1406 you advanced to experience level 4. On T:1946 you reached level 6 of The Dungeons of Doom. On T:2236 you advanced to experience level 5. Score breakdown: Gold: 810 ( 9895 points) Experience: 5 levels (11141 points) Exploration: 6 levels ( 12.50%) ( 9784 points) Discoveries: 2 items ( 0.70%) ( 2504 points) Valuables value: (no points given unless you survive) Artifact value: 0 ( 0 points) Variety of kills: 27 monsters ( 7.09%) ( 7986 points) Turncount: 2481 turns ( -319 points) Survival: quit (score multiplied by 90%) Total score: 36891 Latest messages: You see here 53 rocks. You displace your kitten. You see here 43 rocks. You displace your kitten. You see here 56 rocks. The magic missile bounces! The magic missile hits you! The missiles bounce off! You finish searching. You feel strong! You must have been exercising. You feel wise! You must have been very observant. You finish searching. You displace your kitten. You see here 64 rocks. Final status: Goodbye wizbiz the Wizard, quit... You quit in The Dungeons of Doom on dungeon level 6 with 36891 points, and 810 pieces of gold, after 2481 moves. You were level 5 with a maximum of 41 hit points when you quit.